 Dungeon Crawl Stone Soup version 0.30.1-11-g7821555f0a (webtiles) character file.

Game seed: 17566844869814341172

17 comborobin the Sneak (level 2, -2/26 HPs)
             Began as a Draconian Delver on Nov 18, 2023.
             Killed by nerve-wracking pain
             ... invoked by an orc priest
              (12 damage)
             ... on level 4 of the Dungeon.
             The game lasted 00:00:48 (312 turns).

comborobin the Sneak (Draconian Delver)              Turns: 312, Time: 00:00:49

Health: -2/26      AC:  4    Str: 14    XL:     2   Next: 44%
Magic:  2/2        EV: 12    Int: 10    God:
Gold:   15         SH:  0    Dex: 12    Spells: 1/1 levels left

rFire   . . .        b - staff of poison
rCold   . . .        (no shield)
rNeg    . . .        (body armour unavailable)
rPois   +            (helmet restricted)
rElec   .            (no cloak)
rCorr   .            (no gloves)
SInv    .            (no boots)
Will    .....        (no amulet)
Stlth   +++          (no ring)
HPRegen 0.24/turn    (no ring)
MPRegen 0.08/turn

%: no passive effects
@: no status effects
A: AC +4, unfitting armour, cold-blooded
a: no special abilities


You were on level 4 of the Dungeon.
You visited 1 branch of the dungeon, and saw 3 of its levels.

You collected 15 gold pieces.

Inventory:

Armour
 d - a +0 pair of gloves
Magical Staves
 b - a staff of poison (weapon)
Wands
 e - a wand of digging (3)
Scrolls
 a - a scroll of fog
 c - a scroll of fear
 f - a scroll of noise {unknown}
 g - a scroll of magic mapping


   Skills:
 - Level 3.2 Fighting
 + Level 1.3 Staves
 - Level 1.7 Dodging
 - Level 4.5 Stealth
 - Level 2.0 Unarmed Combat
 + Level 1.3 Poison Magic
 + Level 0.2 Evocations


You had one spell level left.
You didn't know any spells.
Your spell library was empty.

Dungeon Overview and Level Annotations

Branches:
Dungeon (6/15)
 Temple: D:4-7

Altars:


Innate Abilities, Weirdness & Mutations

Your plain brown scales are hard. (AC +4)
You cannot fit into any form of body armour.
You are cold-blooded and may be slowed by cold attacks.


Message History

The orc hits you but does no damage.
You closely miss the orc.
The orc is heavily wounded.
The orc hits you but does no damage. The orc closely misses you.
The orc hits you with a +0 flail! The orc closely misses you.
You hit the orc.
You kill the orc!
A ball python comes into view.
The orc closely misses you.
You hit the orc.
The orc is moderately wounded.
The orc hits you but does no damage.
You barely miss the orc.
The orc is moderately wounded.
The orc hits you with a +0 flail.
You hit the orc. You tail-slap the orc.
You kill the orc!
You barely miss the ball python. The ball python barely misses you.
The ball python grabs you. The ball python constricts you.
The ball python closely misses you. The ball python constricts you.
You hit the ball python.
You kill the ball python!
The orc priest shouts!
The orc priest misses you.
Things that are here:
a +0 flail; a ball python corpse; an orc corpse The orc priest mumbles some strange prayers to Beogh against you.
You barely resist.
There is an open door here.
As you close the door, it creaks loudly!
You start resting.
Something unseen opens the door.
The orc priest hits you with a +0 falchion.
There is an open door here.
You barely miss the orc priest. The orc priest barely misses you.
You hit the orc priest but do no damage.
The orc priest hits you with a +0 falchion.
You hit the orc priest but do no damage.
The orc priest calls down the wrath of Beogh upon you.
Pain shoots through your body!
You die...

##. #.# #.# #.# #.#
#.# #.# # #######.#
# #.o...#.##########
###@###.#..........#
#....##)).....†....#
#....###############
#....'..............
#....###############
#....# # ###### # #
#


You could see an orc priest.

Vanquished Creatures
  An adder (D:4)
  A dart slug (D:4)
  2 orcs (D:4)
  A ball python (D:4)
5 creatures vanquished.

Notes
Turn   | Place    | Note
-------+----------+-------------------------------------------
     0 | D:5      | comborobin the Draconian Delver began the quest for the
                  | Orb.
     0 | D:5      | Reached XP level 1. HP: 19/19 MP: 1/1
    10 | D:6      | Noticed an iguana
    10 | D:6      | Noticed an iguana
    52 | D:5      | Noticed a hound
   228 | D:4      | Reached skill level 1 in Staves
   228 | D:4      | Reached skill level 1 in Poison Magic
   228 | D:4      | Reached XP level 2. HP: 20/26 MP: 2/2
   312 | D:4      | Killed from afar by an orc priest

Illustrated notes

Levels and vault maps discovered:
D:4:      layout_basic
D:5:      layout_gridville, ashenzari_conservatory_becter,
          grunt_temple_overflow_open
D:6:      layout_rooms, xom_confusion_cloud

Skill      XL: |  1 |
---------------+----+-----
Staves         | 1 |  1.3
Poison Magic   | 1 |  1.3
Fighting       | |  3.2
Dodging        | |  1.7
Stealth        | |  4.5
Unarmed Combat | |  2.0
Evocations     | |  0.2

Action                     || total
---------------------------++-------
  Melee: Staff             ||    40
         Tailslap          ||     5
    Use: Scroll            ||     1
         Potion            ||     1
   Stab: Sleeping          ||     1
 Armour: Skin              ||     9
  Dodge: Dodged            ||    30
